Map: Rainfall LE

Players

YodaErt

  • Race: Terran Terran
  • League: Master
  • Spawn Location: 11:00

A.I. 1 (Elite) - Winner!

  • Race: Protoss Protoss
  • Spawn Location: 5:00

VOD

Have the link to the VOD?

Description

Time

  • Played on: July 5, 2026, 11:23 a.m.
  • Length: 12:35
Show
View Real Time Build Order
Export as new Build Order

YodaErt Terran 

Build Orders:  

Get SALT Encoding   

  8  0:00  SCV  
  9  0:12  SCV  
  10  0:24  SCV  
  10  0:28  Supply Depot  
  11  0:36  SCV  
  12  0:48  SCV  
  13  0:53  Barracks  
  13  1:00  SCV  
  14  1:05  Refinery  
  14  1:13  SCV  
  14  1:16  Refinery  
  15  1:25  SCV  
  16  1:42  Orbital Command  
  16  1:46  Reaper  
  17  2:04  Factory  
  17  2:09  Supply Depot, SCV  
  18  2:20  Reaper  
  18  2:22  SCV  
  20  2:34  SCV  
  21  2:46  SCV  
  21  2:48  Hellion  
  24  2:54  Barracks Reactor  
  24  2:58  Command Center  
  24  3:00  SCV  
  25  3:09  Starport  
  25  3:12  SCV  
  26  3:17  Supply Depot  
  26  3:22  Widow Mine  
  26  3:25  SCV  
  29  3:39  SCV  
  30  3:44  Widow Mine, Marine x2  
  30  3:45  Medivac  
  36  3:51  SCV  
  37  4:09  Factory Tech Lab, SCV  
  38  4:10  Orbital Command, Marine  
  38  4:11  Marine  
  40  4:21  SCV  
  40  4:22  Supply Depot  
  41  4:28  Siege Tank, Marine x2  
  46  4:34  SCV, Liberator  
  50  4:43  SCV  
  51  4:46  SCV  
  52  4:54  Supply Depot, Marine x2  
  52  4:55  SCV  
  52  4:58  SCV  
  56  5:08  SCV  
  56  5:10  SCV, Bunker  
  56  5:13  Supply Depot  
  58  5:15  Siege Tank, Marine  
  58  5:16  Marine  
  58  5:20  SCV  
  64  5:22  SCV  
  64  5:25  Barracks  
  65  5:29  Barracks  
  65  5:33  Marine  
  65  5:34  Marine, SCV x2  
  65  5:35  Supply Depot  
  69  5:37  Starport Tech Lab  
  69  5:45  Supply Depot  
  69  5:46  SCV x2  
  71  5:52  Refinery  
  71  5:53  Engineering Bay  
  71  5:58  SCV  
  71  5:59  SCV, Supply Depot  
  71  6:04  Marine x2  
  73  6:08  Supply Depot  
  73  6:10  Starport Reactor  
  73  6:11  SCV x2, Factory Reactor  
  77  6:18  Terran Infantry Weapons Level 1  
  77  6:22  Refinery  
  77  6:23  SCV x2, Marine x3  
  77  6:24  Marine  
  83  6:26  Stimpack  
  83  6:28  Combat Shield  
  83  6:35  Supply Depot  
  83  6:41  Marine x2  
  83  6:42  Marauder x2  
  89  6:49  Widow Mine x2  
  89  6:50  Medivac  
  89  6:51  Medivac  
  97  6:57  Supply Depot  
  97  6:59  Marine x2  
  99  7:03  Marauder  
  99  7:04  Marauder  
  103  7:14  Widow Mine x2  
  107  7:17  Marine x2  
  107  7:20  Medivac  
  107  7:21  Supply Depot, Medivac  
  113  7:29  Command Center  
  113  7:32  Marauder x2  
  113  7:36  Marine x2  
  119  7:48  Barracks, Supply Depot  
  119  7:49  Barracks  
  119  7:51  SCV  
  119  7:53  SCV  
  119  7:54  Marine x2  
  119  7:58  Marauder  
  125  7:59  Marauder  
  125  8:03  SCV  
  125  8:05  SCV  
  129  8:06  Concussive Shells  
  129  8:12  Marine x2  
  133  8:20  Marauder x2  
  133  8:23  SCV x2  
  133  8:24  Supply Depot  
  133  8:26  Terran Infantry Armor Level 1  
  137  8:27  Supply Depot  
  137  8:30  Marine  
  138  8:36  Barracks Tech Lab x2  
  138  8:39  Ghost Academy  
  138  8:40  Marine, Viking x2, SCV x2  
  142  8:44  Marauder  
  142  8:46  Marauder  
  142  8:47  Marine  
  147  8:51  Supply Depot  
  147  8:52  SCV x2  
  147  8:58  Marine  
  144  9:04  SCV x2  
  144  9:05  Barracks Reactor  
  144  9:06  Marine  
  144  9:07  Marauder x2  
  144  9:08  Marauder  
  153  9:10  Orbital Command  
  153  9:16  Marine, Viking x2  
  158  9:18  SCV  
  158  9:21  Supply Depot  
  159  9:25  Marine  
  159  9:27  SCV  
  159  9:29  Marauder  
  159  9:30  SCV  
  159  9:31  Marauder x2  
  168  9:33  Marine  
  169  9:42  SCV x3  
  169  9:43  Marine  
  169  9:45  Refinery  
  173  9:46  Viking x2  
  173  9:47  Refinery  
  173  9:49  Bunker  
  173  9:51  Marine  
  178  9:54  SCV  
  178  9:56  Supply Depot  
  175  10:00  Supply Depot  
  175  10:02  Armory  
  175  10:03  Engineering Bay  
  175  10:09  Marine x4  
  175  10:10  Ghost  
  182  10:17  Ghost x2  
  188  10:22  Supply Depot  
  188  10:23  Supply Depot  
  188  10:26  Viking x2  
  192  10:29  Sensor Tower  
  192  10:31  Command Center  
  192  10:33  Marine x2  
  192  10:34  Marine x2  
  196  10:40  Marauder  
  198  10:46  Marauder  
  200  11:00  Barracks  
  200  11:01  Barracks  
  200  11:03  Barracks  
  200  11:05  Starport  
  200  11:23  Marine x3  
  200  11:24  Marine, Marauder  
  200  11:25  Marauder  
  200  11:27  Marauder  
  192  11:40  Supply Depot  
  192  11:46  Marauder  
  194  11:47  Missile Turret  
  194  11:48  Missile Turret  
  194  11:49  Missile Turret  
  194  11:50  Barracks Tech Lab, Barracks Reactor  
  194  11:57  Marine x2  
  194  11:58  Marine x2  
  198  12:03  Marauder  
  200  12:15  Starport Reactor  
  200  12:21  Fusion Core  
Show
View Real Time Build Order
Export as new Build Order

A.I. 1 (Elite) Protoss - Winner!

Build Orders:  

Get SALT Encoding   

  8  0:00  Probe  
  9  0:13  Probe  
  10  0:25  Probe  
  11  0:37  Probe  
  12  0:47  Pylon  
  12  0:49  Probe  
  13  1:01  Probe  
  13  1:09  Probe  
  13  1:10  Gateway  
  15  1:19  Probe, Assimilator  
  16  1:31  Probe  
  16  1:32  Pylon  
  17  1:43  Probe  
  18  1:52  Zealot  
  18  1:55  Probe  
  18  2:00  Cybernetics Core  
  21  2:07  Probe  
  22  2:14  Gateway  
  22  2:19  Probe  
  23  2:27  Pylon  
  23  2:31  Probe  
  23  2:35  Zealot  
  26  2:41  Warp Gate  
  26  2:43  Probe  
  27  2:51  Assimilator  
  27  2:55  Probe  
  28  3:01  Adept  
  28  3:05  Probe  
  29  3:07  Adept  
  32  3:13  Probe  
  33  3:22  Probe  
  35  3:34  Probe  
  34  3:44  Nexus, Stalker  
  34  3:46  Probe  
  37  3:55  Pylon  
  37  4:09  Probe  
  38  4:17  Probe  
  38  4:18  Robotics Facility  
  39  4:27  Probe  
  39  4:29  Adept  
  42  4:39  Probe  
  43  4:49  Probe  
  44  4:55  Adept, Probe  
  44  4:57  Probe  
  47  5:02  Adept  
  47  5:05  Probe  
  50  5:07  Probe  
  52  5:15  Probe  
  52  5:17  Adept  
  52  5:18  Probe  
  52  5:20  Robotics Bay  
  56  5:23  Probe  
  56  5:24  Pylon  
  57  5:30  Probe  
  58  5:36  Robotics Facility  
  58  5:41  Pylon  
  58  5:42  Observer, Probe x2  
  61  5:43  Stalker  
  61  5:49  Pylon  
  63  5:54  Probe  
  63  5:57  Pylon  
  61  6:11  Twilight Council  
  59  6:32  Probe  
  57  6:39  Probe  
  59  6:40  Probe  
  60  6:50  Probe  
  60  6:51  Probe  
  60  6:52  Templar Archives  
  62  6:59  Probe  
  62  7:01  Gateway  
  62  7:02  Probe, Assimilator  
  62  7:04  Assimilator  
  62  7:07  Probe  
  64  7:14  Zealot, Probe  
  68  7:16  Probe  
  69  7:24  Probe  
  69  7:26  Probe  
  69  7:29  High Templar  
  73  7:36  Sentry  
  75  7:37  Probe  
  75  7:38  Probe, Forge  
  75  7:42  Pylon  
  75  7:43  Nexus  
  77  7:49  Probe  
  77  7:50  Probe  
  79  7:55  Stalker  
  81  7:58  Stalker  
  81  8:01  Probe  
  81  8:04  Pylon, Stalker  
  86  8:13  Stalker  
  88  8:20  High Templar  
  88  8:26  Probe x2  
  88  8:27  Sentry  
  89  8:29  Zealot  
  89  8:30  Pylon  
  91  8:38  Probe  
  91  8:39  Probe  
  90  8:42  Zealot  
  91  8:50  Probe  
  91  8:51  Probe  
  91  8:52  Zealot  
  92  8:56  Stalker  
  92  8:59  Archon  
  92  9:01  Probe, Stalker  
  92  9:02  Probe  
  97  9:06  Pylon  
  97  9:09  Probe  
  98  9:14  High Templar, Probe, Protoss Ground Weapons Level 1  
  102  9:18  Stalker  
  102  9:23  High Templar  
  106  9:30  Pylon  
  106  9:32  Nexus  
  106  9:40  Zealot  
  106  9:44  Zealot  
  110  9:53  Pylon  
  110  9:58  Stalker  
  100  10:02  Stalker, Zealot  
  104  10:10  Immortal, Archon  
  108  10:19  Immortal  
  108  10:20  Zealot  
  108  10:21  Zealot  
  112  10:24  Pylon, High Templar  
  118  10:37  Zealot  
  120  10:43  Sentry  
  120  10:44  Probe  
  120  10:46  Probe  
  120  10:47  Probe  
  120  10:49  Immortal  
  129  10:56  Probe  
  130  10:58  Probe, Immortal  
  130  10:59  Zealot x2  
  130  11:01  Probe  
  140  11:05  Zealot  
  140  11:06  Pylon  
  140  11:07  Probe  
  140  11:10  Probe  
  144  11:12  Archon  
  144  11:13  Probe  
  144  11:15  Probe  
  145  11:21  High Templar, Zealot  
  122  11:27  Zealot  
  84  11:38  Assimilator  
  74  11:42  Adept  
  76  11:49  High Templar  
  76  11:50  Immortal  
  76  11:52  Assimilator  
  76  11:53  Sentry  
  84  11:56  High Templar  
  84  12:00  Probe x2  
  84  12:01  Archon, Probe  
  89  12:08  Sentry  
  91  12:15  Probe x2  
  93  12:24  Stalker  
  93  12:27  Zealot  
  101  12:30  High Templar  
Tags
 
League
Master
Matchup
PvT
Spawn Locations
Cross Positions
Add a new tag
Caveats
  • Supply blocks, unpowered buildings, or Contaminate may cause inaccurate times.
  • Supply counts are checked every 10 seconds.